Map: Kimeran Refuge

Players

RedBlueShift

  • Race: Protoss Protoss
  • Spawn Location: 5:00

JamesBoss

  • Race: Terran Terran
  • League: Gold
  • Spawn Location: 6:00

JDCelica

  • Race: Protoss Protoss
  • Spawn Location: 6:00

OMG

  • Race: Protoss Protoss
  • Spawn Location: 7:00

DyNasty - Winner!

  • Race: Protoss Protoss
  • Spawn Location: 12:00

meowth - Winner!

  • Race: Protoss Protoss
  • League: Silver
  • Spawn Location: 11:00

jymv - Winner!

  • Race: Terran Terran
  • Spawn Location: 12:00

Grumm - Winner!

  • Race: Zerg Zerg
  • League: Gold
  • Spawn Location: 1:00

VOD

Have the link to the VOD?

Description

Time

  • Played on: Jan. 21, 2016, 1:09 a.m.
  • Length: 10:16
Show
View Real Time Build Order
Export as new Build Order

RedBlueShift Protoss 

Build Orders:  

Get SALT Encoding   

  12  0:01  Probe (Chrono Boost)  
  13  0:15  Probe (Chrono Boost)  
  14  0:29  Pylon  
  14  0:32  Probe (Chrono Boost)  
  15  0:47  Probe (Chrono Boost)  
  16  0:58  Probe (Chrono Boost)  
  16  1:00  Gateway  
  17  1:08  Assimilator, Probe (Chrono Boost)  
  18  1:14  Pylon  
  19  1:25  Probe (Chrono Boost)  
  19  1:28  Pylon  
  19  1:43  Assimilator, Probe (Chrono Boost)  
  20  1:49  Cybernetics Core  
  20  1:51  Zealot  
  20  1:53  Probe (Chrono Boost)  
  23  2:00  Forge  
  23  2:04  Probe (Chrono Boost)  
  24  2:10  Pylon  
  24  2:15  Probe (Chrono Boost)  
  25  2:18  Zealot  
  27  2:26  Twilight Council  
  27  2:28  Warp Gate  
  27  2:37  Protoss Ground Weapons Level 1  
  27  2:52  Gateway  
  27  3:09  Zealot  
  29  3:18  Photon Cannon  
  29  3:26  Charge  
  29  3:27  Gateway  
  31  3:55  Zealot  
  31  3:59  Nexus  
  31  4:02  Zealot  
  33  4:17  Zealot  
  35  4:32  Protoss Ground Armor Level 1  
  35  4:44  Zealot  
  35  4:45  Pylon, Zealot  
  39  4:46  Zealot  
  25  5:44  Stalker, Zealot  
  25  5:46  Photon Cannon  
  25  5:48  Probe (Chrono Boost)  
  25  5:49  Photon Cannon  
  28  5:51  Pylon  
  28  5:59  Probe (Chrono Boost)  
  29  6:09  Probe (Chrono Boost)  
  29  6:10  Pylon  
  30  6:15  Gateway  
  30  6:20  Probe (Chrono Boost)  
  31  6:26  Protoss Shields Level 1  
  31  6:28  Stalker  
  31  6:29  Stalker  
  31  6:30  Probe (Chrono Boost), Stalker  
  38  6:41  Probe (Chrono Boost)  
  37  6:52  Zealot  
  37  6:53  Zealot x2  
  43  7:07  Photon Cannon  
  37  7:23  Zealot x2  
  37  7:24  Zealot  
  43  7:39  Assimilator  
  43  7:41  Assimilator, Stalker  
  45  7:45  Zealot x3  
  51  8:10  Zealot x2  
  51  8:11  Stalker, Zealot  
  59  8:27  Gateway  
  59  8:30  Pylon  
  59  8:34  Robotics Facility  
  59  8:38  Robotics Facility  
  59  8:40  Probe (Chrono Boost)  
  60  8:51  Probe (Chrono Boost)  
  49  9:01  Probe (Chrono Boost)  
  38  9:12  Probe (Chrono Boost)  
  33  9:22  Probe (Chrono Boost)  
Show
View Real Time Build Order
Export as new Build Order

JamesBoss Terran 

Build Orders:  

Get SALT Encoding   

  12  0:00  SCV  
  13  0:13  SCV  
  14  0:24  Supply Depot  
  14  0:25  SCV  
  15  0:45  Refinery, SCV  
  16  0:53  Barracks  
  16  1:06  SCV, Barracks  
  17  1:16  Supply Depot  
  17  1:18  SCV  
  18  1:30  SCV  
  19  1:41  Barracks Reactor  
  19  1:48  Bunker  
  19  1:50  Orbital Command  
  19  1:55  Refinery  
  19  1:56  Barracks Tech Lab  
  19  2:18  Stimpack, Marine x2  
  21  2:25  Marauder  
  23  2:30  Supply Depot  
  23  2:54  Command Center  
  23  3:31  Marine x2  
  25  3:34  Marauder  
  25  3:37  Factory  
  27  3:43  Engineering Bay  
  27  3:49  Marine x2  
  27  3:53  SCV  
  30  3:56  Marauder  
  32  4:05  SCV  
  32  4:07  Marine x2  
  35  4:24  Marine  
  35  4:25  Marine  
  39  4:31  Marauder  
  39  4:33  Orbital Command  
  39  4:37  Supply Depot  
  39  4:40  Factory  
  39  4:42  Marine x2  
  41  4:48  Sensor Tower  
  41  4:51  Orbital Command  
  41  4:52  Marauder  
  43  4:58  Factory Reactor  
  43  5:00  Marine x2  
  43  5:04  Supply Depot  
  45  5:11  Missile Turret  
  45  5:14  Marauder  
  47  5:18  Marine x2  
  49  5:24  SCV x2  
  51  5:31  Factory Tech Lab  
  51  5:36  Starport, Marine x2, SCV x2  
  55  5:48  SCV x2  
  57  5:53  Marine  
  58  5:59  Marine  
  58  6:00  SCV  
  58  6:02  Marauder  
  62  6:11  Marine  
  62  6:17  Marine  
  44  6:29  Marine  
  38  6:35  Marine  
  39  6:41  Widow Mine x2  
  39  6:44  Siege Tank  
  46  6:47  Marine  
  46  6:53  Marine  
  48  7:06  Marine  
  48  7:08  Marauder  
  51  7:09  Widow Mine  
  51  7:10  Widow Mine  
  51  7:11  Marine  
  56  7:16  Siege Tank  
  56  7:24  Marine  
  56  7:29  Marauder  
  59  7:34  SCV  
  60  7:37  Marine  
  60  7:38  Refinery, Widow Mine x2  
  60  7:41  Marine  
  66  7:46  SCV  
  66  7:50  Supply Depot  
  66  7:51  Marauder  
  69  7:55  Marine  
  69  7:56  Starport Tech Lab  
  70  8:04  Starport, Supply Depot  
  70  8:07  Supply Depot  
  70  8:11  Widow Mine x2  
  70  8:12  Marauder, Marine, SCV  
  78  8:25  Marine  
  79  8:29  Marine  
  79  8:34  Marauder  
  82  8:40  Widow Mine x2  
  86  8:43  Marine  
  83  8:55  Marauder  
  78  9:01  Marine  
  78  9:02  Marine  
  75  9:04  Siege Tank  
  75  9:08  Widow Mine x2  
  78  9:12  Refinery  
  78  9:16  Marauder  
  80  9:19  Marine x2  
  72  9:36  Siege Tank  
  72  9:37  Marine x2  
  72  9:38  Marauder  
  64  9:55  Marine x2  
Show
View Real Time Build Order
Export as new Build Order

JDCelica Protoss 

Build Orders:  

Get SALT Encoding   

  12  0:01  Probe (Chrono Boost)  
  13  0:19  Pylon  
  13  0:43  Forge  
  13  0:58  Probe (Chrono Boost)  
  14  1:09  Pylon, Probe (Chrono Boost)  
  15  1:14  Gateway  
  15  1:53  Assimilator  
  15  1:58  Assimilator  
  15  2:01  Pylon  
  15  2:16  Pylon  
  15  2:23  Pylon  
  15  2:26  Pylon  
  15  2:34  Photon Cannon  
  15  2:43  Photon Cannon  
  15  2:47  Photon Cannon  
  14  2:57  Pylon  
  14  3:04  Photon Cannon  
  14  3:06  Photon Cannon  
  14  3:09  Pylon  
  14  3:17  Photon Cannon  
  14  3:21  Photon Cannon  
  14  3:24  Probe (Chrono Boost)  
  15  3:35  Probe (Chrono Boost)  
  15  3:40  Photon Cannon  
  16  3:45  Probe (Chrono Boost)  
Show
View Real Time Build Order
Export as new Build Order

OMG Protoss 

Build Orders:  

Get SALT Encoding   

  12  0:50  Probe (Chrono Boost)  
  13  1:01  Probe (Chrono Boost)  
  14  1:06  Pylon  
  14  1:11  Probe (Chrono Boost)  
  15  1:27  Probe (Chrono Boost)  
  16  1:43  Probe (Chrono Boost)  
  17  1:47  Nexus  
  17  2:03  Pylon  
  17  2:25  Probe (Chrono Boost)  
  18  2:36  Nexus  
  18  3:13  Probe (Chrono Boost)  
  19  3:24  Probe (Chrono Boost)  
  20  3:35  Probe (Chrono Boost)  
  20  3:36  Nexus  
  20  3:39  Probe (Chrono Boost)  
  22  3:45  Nexus  
  22  3:47  Assimilator  
  22  3:49  Probe (Chrono Boost)  
  22  3:51  Assimilator  
  23  4:00  Probe (Chrono Boost)  
  24  4:08  Probe (Chrono Boost)  
  25  4:11  Probe (Chrono Boost)  
  26  4:19  Probe (Chrono Boost)  
  26  4:22  Probe x2 (Chrono Boost)  
  29  4:29  Assimilator, Probe (Chrono Boost)  
  30  4:32  Probe (Chrono Boost)  
  30  4:33  Assimilator, Pylon  
  31  4:40  Assimilator, Probe (Chrono Boost)  
  31  4:43  Assimilator, Probe (Chrono Boost)  
  33  4:50  Probe (Chrono Boost)  
  33  4:52  Probe (Chrono Boost)  
  35  4:54  Probe (Chrono Boost)  
  35  4:56  Probe (Chrono Boost)  
  37  5:01  Probe (Chrono Boost)  
  37  5:02  Probe (Chrono Boost)  
  37  5:04  Probe (Chrono Boost)  
  40  5:07  Probe (Chrono Boost)  
  40  5:11  Probe (Chrono Boost)  
  40  5:13  Probe (Chrono Boost)  
  43  5:15  Probe (Chrono Boost)  
  43  5:17  Assimilator  
  43  5:18  Probe x2 (Chrono Boost)  
  46  5:22  Assimilator, Probe (Chrono Boost)  
  46  5:23  Probe (Chrono Boost)  
  46  5:25  Probe (Chrono Boost)  
  49  5:29  Probe (Chrono Boost)  
  49  5:33  Probe (Chrono Boost)  
  49  5:34  Probe (Chrono Boost)  
  52  5:36  Probe (Chrono Boost)  
  52  5:40  Probe (Chrono Boost)  
  54  5:44  Probe (Chrono Boost)  
  54  5:46  Probe (Chrono Boost)  
  56  5:50  Probe (Chrono Boost)  
  56  5:55  Probe (Chrono Boost)  
  59  5:57  Probe (Chrono Boost)  
  59  6:01  Probe (Chrono Boost)  
  60  6:07  Probe (Chrono Boost)  
  62  6:17  Probe (Chrono Boost)  
  62  6:18  Probe (Chrono Boost)  
  55  6:19  Assimilator  
  55  6:23  Assimilator  
  55  6:28  Probe x2 (Chrono Boost)  
  57  6:38  Probe (Chrono Boost)  
  58  6:41  Probe (Chrono Boost)  
  59  6:49  Probe (Chrono Boost)  
  59  6:51  Probe (Chrono Boost)  
  44  6:58  Probe (Chrono Boost)  
  44  7:00  Nexus  
  41  7:02  Probe x2 (Chrono Boost)  
  31  7:09  Probe (Chrono Boost)  
  31  7:12  Probe x2 (Chrono Boost)  
  32  7:19  Probe (Chrono Boost)  
  23  7:23  Probe x2 (Chrono Boost)  
  18  7:30  Probe (Chrono Boost)  
  18  7:33  Probe (Chrono Boost)  
  18  7:35  Probe (Chrono Boost)  
  18  7:40  Probe (Chrono Boost)  
  18  7:44  Probe (Chrono Boost)  
  20  7:45  Probe (Chrono Boost)  
  20  7:51  Probe (Chrono Boost)  
  21  7:54  Probe (Chrono Boost)  
  21  7:56  Probe (Chrono Boost)  
  23  8:01  Probe (Chrono Boost)  
  23  8:05  Probe (Chrono Boost)  
  25  8:06  Probe (Chrono Boost)  
  25  8:12  Probe (Chrono Boost)  
  25  8:15  Probe (Chrono Boost)  
  25  8:17  Probe (Chrono Boost)  
  24  8:22  Probe (Chrono Boost)  
  24  8:26  Probe (Chrono Boost)  
  26  8:27  Probe (Chrono Boost)  
  27  8:36  Probe (Chrono Boost)  
  27  8:39  Probe (Chrono Boost)  
  29  8:47  Probe (Chrono Boost)  
  30  8:50  Probe (Chrono Boost)  
  28  8:58  Probe (Chrono Boost)  
  28  9:00  Probe (Chrono Boost)  
  28  9:02  Probe (Chrono Boost)  
  31  9:08  Probe (Chrono Boost)  
  32  9:11  Probe (Chrono Boost)  
  32  9:13  Probe (Chrono Boost)  
  34  9:19  Probe (Chrono Boost)  
  34  9:22  Probe (Chrono Boost)  
  36  9:23  Probe (Chrono Boost)  
  37  9:29  Probe (Chrono Boost)  
  38  9:34  Probe (Chrono Boost)  
  39  9:40  Probe (Chrono Boost)  
Show
View Real Time Build Order
Export as new Build Order

DyNasty Protoss - Winner!

Build Orders:  

Get SALT Encoding   

  12  0:03  Probe (Chrono Boost)  
  13  0:14  Probe (Chrono Boost)  
  14  0:21  Pylon  
  14  0:24  Probe (Chrono Boost)  
  15  0:39  Probe (Chrono Boost)  
  15  0:42  Gateway  
  16  0:50  Gateway  
  16  0:53  Probe (Chrono Boost)  
  17  1:00  Assimilator  
  17  1:04  Probe (Chrono Boost)  
  18  1:17  Pylon, Probe (Chrono Boost)  
  19  1:28  Probe (Chrono Boost)  
  20  1:33  Cybernetics Core  
  20  1:47  Probe (Chrono Boost), Pylon, Gateway  
  21  2:11  Stalker (Chrono Boost), Warp Gate (Chrono Boost)  
  23  2:17  Assimilator  
  23  2:18  Probe  
  23  2:22  Stalker (Chrono Boost)  
  26  2:30  Probe  
  27  2:48  Nexus  
  27  2:59  Stalker (Chrono Boost)  
  27  3:00  Stalker (Chrono Boost)  
  27  3:03  Probe  
  32  3:09  Pylon  
  32  3:44  Stalker (Chrono Boost)  
  36  3:48  Stalker (Chrono Boost)  
  34  4:24  Probe  
  34  4:25  Probe  
  34  4:27  Gateway  
  36  4:32  Stalker x2  
  36  4:33  Stalker  
  36  4:35  Probe  
  36  4:37  Probe  
  44  4:45  Probe  
  44  4:46  Forge  
  44  4:50  Probe  
  44  4:51  Pylon  
  46  4:56  Probe  
  47  5:02  Probe  
  47  5:05  Assimilator  
  47  5:06  Probe  
  48  5:09  Assimilator  
  48  5:12  Gateway  
  48  5:14  Probe  
  50  5:17  Probe  
  51  5:25  Photon Cannon  
  51  5:26  Probe  
  51  5:27  Photon Cannon  
  52  5:34  Stalker, Photon Cannon  
  54  5:36  Sentry  
  54  5:38  Sentry  
  58  5:53  Protoss Ground Weapons Level 1 (Chrono Boost)  
  58  5:57  Robotics Facility  
  58  6:23  Pylon  
  54  7:01  Stalker  
  54  7:02  Stalker x4  
  60  7:29  Stalker x4  
  68  7:30  Stalker  
  70  7:44  Immortal  
  74  7:50  Robotics Facility  
  74  7:54  Pylon  
  74  7:58  Robotics Bay  
  74  8:03  Stalker x2, Photon Cannon  
  78  8:11  Pylon  
  78  8:13  Pylon  
  78  8:14  Photon Cannon x2  
  78  8:15  Photon Cannon  
  78  8:19  Zealot x3  
  84  8:20  Probe  
  84  8:22  Probe  
  86  8:31  Probe  
  86  8:34  Probe  
  88  8:37  Observer  
  88  8:38  Immortal  
  93  8:41  Probe  
  78  8:56  Zealot x4  
  78  8:57  Zealot  
  82  9:09  Colossus (Chrono Boost)  
  73  9:40  Stalker x2  
  73  9:41  Stalker x3  
Show
View Real Time Build Order
Export as new Build Order

meowth Protoss - Winner!

Build Orders:  

Get SALT Encoding   

  13  0:07  Probe (Chrono Boost)  
  13  0:17  Probe (Chrono Boost)  
  14  0:24  Pylon  
  14  0:28  Probe (Chrono Boost)  
  15  0:42  Probe (Chrono Boost)  
  16  0:45  Gateway  
  16  0:52  Assimilator  
  16  0:53  Probe (Chrono Boost)  
  17  1:03  Gateway  
  17  1:05  Probe (Chrono Boost)  
  18  1:15  Pylon, Probe (Chrono Boost)  
  19  1:21  Assimilator  
  19  1:26  Probe (Chrono Boost)  
  20  1:49  Probe (Chrono Boost)  
  20  1:53  Zealot  
  20  1:54  Zealot  
  25  1:59  Probe (Chrono Boost)  
  26  2:02  Cybernetics Core  
  26  2:08  Pylon  
  26  2:10  Probe (Chrono Boost)  
  27  2:16  Pylon  
  27  2:21  Probe (Chrono Boost)  
  28  2:31  Probe (Chrono Boost)  
  29  3:07  Probe (Chrono Boost)  
  29  3:09  Stargate  
  29  3:12  Stargate  
  30  3:17  Probe (Chrono Boost)  
  31  3:23  Pylon  
  31  3:24  Nexus  
  31  3:26  Pylon  
  31  3:28  Probe (Chrono Boost)  
  32  3:36  Forge  
  32  3:38  Probe (Chrono Boost)  
  32  3:40  Zealot  
  32  3:41  Zealot  
  33  4:03  Oracle  
  36  4:12  Oracle  
  36  4:15  Probe (Chrono Boost)  
  40  4:19  Pylon  
  40  4:22  Pylon  
  40  4:26  Probe (Chrono Boost)  
  41  5:23  Probe (Chrono Boost)  
  41  5:26  Oracle x2  
  48  5:29  Zealot x2  
  48  5:34  Probe (Chrono Boost)  
  53  5:44  Probe (Chrono Boost)  
  54  5:55  Probe (Chrono Boost)  
  54  5:56  Zealot x2  
  59  6:06  Probe (Chrono Boost)  
  60  6:21  Probe (Chrono Boost)  
  60  6:23  Oracle x2  
  67  6:28  Zealot x2  
  67  6:29  Probe (Chrono Boost)  
  67  6:31  Photon Cannon  
  67  6:32  Probe (Chrono Boost)  
  73  6:34  Photon Cannon  
  73  6:35  Photon Cannon  
  73  6:40  Probe (Chrono Boost)  
  73  6:41  Assimilator  
  73  6:46  Assimilator  
  74  6:51  Probe (Chrono Boost)  
  75  6:55  Zealot  
  78  7:01  Probe (Chrono Boost)  
  78  7:12  Probe (Chrono Boost)  
  79  7:22  Probe (Chrono Boost)  
Show
View Real Time Build Order
Export as new Build Order

jymv Terran - Winner!

Build Orders: Command Center First (CC) 

Get SALT Encoding   

  12  0:21  SCV  
  13  0:30  Supply Depot  
  13  0:33  SCV  
  14  0:46  SCV  
  15  1:11  Refinery  
  15  1:17  Command Center  
  15  1:30  Barracks  
  15  1:40  SCV  
  16  1:52  Refinery, SCV  
  17  2:04  SCV  
  18  2:16  SCV  
  19  2:28  Marine  
  20  2:39  Engineering Bay  
  20  2:45  Marine  
  21  2:52  Bunker  
  21  3:03  Marine  
  22  3:12  Orbital Command  
  22  3:21  Reaper  
  23  3:28  Refinery  
  23  3:30  Planetary Fortress  
  23  3:52  Missile Turret  
  23  3:53  Missile Turret  
  23  3:54  Marine  
  24  4:07  Factory, SCV  
  25  4:11  Marine  
  26  4:19  Refinery, SCV  
  26  4:22  SCV  
  28  4:31  SCV  
  28  4:34  SCV  
  28  4:38  Marine  
  31  4:43  SCV  
  32  4:46  SCV  
  32  4:50  Widow Mine  
  35  4:55  SCV  
  35  4:56  Factory, Marine  
  37  5:01  SCV  
  38  5:22  Supply Depot x2  
  38  5:43  SCV x2  
  40  5:55  SCV  
  41  5:58  Factory Tech Lab x2  
  41  6:01  Barracks Tech Lab  
  41  6:04  SCV  
  42  6:08  SCV  
  43  6:16  SCV  
  44  6:20  Starport, SCV  
  44  6:21  Widow Mine x2  
  49  6:28  SCV  
  49  6:32  SCV  
  51  6:40  SCV  
  51  6:44  SCV  
  51  6:45  Stimpack  
  53  6:52  SCV  
  54  7:01  Widow Mine  
  54  7:13  Widow Mine  
  53  7:39  Marine  
  53  7:42  Starport Tech Lab  
  54  7:51  Barracks  
  54  7:53  Barracks  
  54  7:54  Barracks  
  54  7:57  Starport, Marine  
  48  8:15  Marine  
  49  8:20  Command Center  
  49  8:22  Refinery  
  49  8:32  Marine  
  50  8:40  Armory  
  48  8:44  Supply Depot  
  48  8:45  Supply Depot  
  48  8:46  Supply Depot  
  48  8:47  Supply Depot  
  47  8:48  Supply Depot  
  47  8:50  Marine  
  47  8:51  SCV  
  47  8:52  Armory  
  49  9:03  SCV  
  50  9:15  SCV  
  51  9:18  Refinery  
  51  9:19  Barracks Reactor x3  
  51  9:23  Starport Reactor  
  51  9:25  Raven  
  51  9:27  SCV  
  51  9:29  Thor  
  51  9:30  Thor  
  66  9:40  SCV  
Show
View Real Time Build Order
Export as new Build Order

Grumm Zerg - Winner!

Build Orders: Hatch First, Lurkers, Swarm Host 

Get SALT Encoding   

  12  0:01  Drone  
  13  0:08  Drone  
  14  0:17  Overlord  
  14  0:44  Hatchery  
  14  0:48  Drone  
  14  0:53  Drone, Extractor  
  14  1:05  Drone x2  
  16  1:23  Drone, Spawning Pool  
  16  1:34  Drone x2  
  18  1:42  Extractor  
  17  1:51  Drone  
  18  2:00  Drone  
  19  2:01  Drone  
  20  2:09  Lair  
  20  2:11  Drone x2  
  22  2:23  Queen  
  22  2:25  Drone  
  25  2:31  Drone x2  
  27  2:51  Roach Warren  
  26  2:58  Zergling x2  
  26  2:59  Zergling x2  
  26  3:01  Overlord  
  28  3:18  Drone, Hydralisk Den  
  28  3:20  Drone x4  
  32  3:38  Overlord  
  32  3:40  Drone x4  
  36  3:59  Drone  
  36  4:00  Drone x3  
  40  4:12  Roach x2  
  40  4:15  Hatchery  
  43  4:17  Lurker Den  
  43  4:22  Drone  
  43  4:23  Overlord  
  44  4:30  Extractor  
  43  4:32  Extractor  
  43  4:33  Queen  
  43  4:36  Burrow  
  44  4:44  Hydralisk x2  
  44  4:45  Hydralisk  
  50  4:59  Glial Reconstitution  
  50  5:02  Roach  
  50  5:04  Overlord  
  50  5:05  Overlord x2  
  52  5:09  Overlord  
  32  5:44  Lurker  
  32  5:46  Lurker  
  32  5:47  Queen, Lurker  
  37  5:51  Queen  
  37  5:54  Roach x2  
  37  5:55  Roach  
  45  6:03  Drone x2  
  45  6:30  Hydralisk x3  
  48  6:33  Drone x2  
  47  6:59  Drone  
  47  7:00  Drone x6  
  54  7:08  Lurker  
  55  7:09  Lurker x2  
  57  7:18  Evolution Chamber  
  53  7:26  Drone x4  
  57  7:50  Drone x6  
  57  7:51  Drone x4  
  67  8:09  Metabolic Boost, Muscular Augments  
  67  8:12  Zerg Missile Weapons Level 1  
  67  8:18  Evolution Chamber  
  66  8:21  Infestation Pit  
  66  8:23  Zergling x16  
  73  8:39  Drone  
  73  8:40  Drone x9  
  83  8:44  Extractor  
  83  8:47  Spine Crawler  
  83  8:48  Spore Crawler  
  80  8:50  Extractor  
  66  9:36  Swarm Host  
  66  9:37  Swarm Host x7  
  90  9:40  Overlord  
Tags
 
Add a new tag
Caveats
  • Supply blocks, unpowered buildings, or Contaminate may cause inaccurate times.
  • Supply counts are checked every 10 seconds.